 Dungeon Crawl Stone Soup version 0.24-a0-92-g7d8ec57 (console) character file.

Game seed: 15345312518469467461

390 Duffy the Ruffian (level 6, 0/47 HPs)
             Began as a Draconian Transmuter on Feb 9, 2019.
             Slain by a water moccasin zombie (6 damage)
             ... on level 5 of the Dungeon.
             The game lasted 00:02:52 (2223 turns).

Duffy the Ruffian (Draconian Transmuter)            Turns: 2223, Time: 00:02:52

Health: 0/47       AC:  2    Str: 12    XL:     6   Next: 50%
Magic:  7/9        EV: 19    Int: 16    God:
Gold:   80         SH:  0    Dex: 16    Spells: 3/9 levels left

rFire    . . .     SeeInvis .     - Unarmed
rCold    . . .     Gourm    .   (shield currently unavailable)
rNeg     . . .     Faith    .   (armour unavailable)
rPois    x         Spirit   .   (helmet currently unavailable)
rElec    .         Reflect  .   (cloak currently unavailable)
rCorr    .         Harm     .   (gloves currently unavailable)
MR       .....                  (boots currently unavailable)
Stlth    +.........             (no amulet)
HPRegen  0.15/turn              (no ring)
MPRegen  0.11/turn              (no ring)

@: spider-form (expiring)
A: tiny, unfitting armour, AC +6
a: End Transformation


You were on level 5 of the Dungeon.
You were very hungry.
You were a venomous arachnid creature.
You visited 1 branch of the dungeon, and saw 5 of its levels.

You collected 80 gold pieces.

Inventory:

Missiles
 a - 39 arrows
Wands
 j - a wand of flame (12)
Scrolls
 d - 2 scrolls of identify {unknown}
 g - 2 scrolls of remove curse {unknown}
 i - a scroll of teleportation {unknown}
Potions
 e - 3 potions of curing
 f - 2 potions of degeneration {unknown}
 h - a potion of ambrosia {unknown}
Comestibles
 c - 5 rations


   Skills:
 - Level 1.1 Fighting
 - Level 1.7 Dodging
 + Level 5.0 Unarmed Combat
 - Level 2.0 Spellcasting
 + Level 4.5 Transmutations
 - Level 3.1 Poison Magic


You had 3 spell levels left.
You knew the following spells:

 Your Spells              Type           Power        Failure   Level  Hunger
h - Spider Form           Tmut/Pois      ##........   30%         3    ###....
j - Sticks to Snakes      Tmut           ###.....     14%         2    ###....
k - Beastly Appendage     Tmut           ###...       11%         1    #......

Your spell library contained the following spells:

 Spells                   Type           Power        Failure   Level  Hunger
 Ice Form                 Ice/Tmut       #.......     82%         4    #####..
 Blade Hands              Tmut           ###.......   83%         5    ######.


Dungeon Overview and Level Annotations

Branches:
Dungeon (5/15)
 Temple: D:4-7

Altars:

Annotations:
D:5 Prince Ribbit


Innate Abilities, Weirdness & Mutations

((Your plain brown scales are hard. (AC +6)))
You cannot fit into any form of body armour.
((You are cold-blooded and may be slowed by cold attacks.))


Message History

The water moccasin zombie completely misses you.
You hit the water moccasin zombie.
The water moccasin zombie is lightly damaged.
The water moccasin zombie misses you. The crimson imp misses you.
You bite the water moccasin zombie!
The water moccasin zombie is moderately damaged.
The water moccasin zombie completely misses you.
The crimson imp hits you.
You barely miss the water moccasin zombie.
The water moccasin zombie is moderately damaged.
You are feeling very hungry.
The water moccasin zombie completely misses you.
The crimson imp misses you.
You hit the water moccasin zombie.
The water moccasin zombie is moderately damaged.
The water moccasin zombie bites you. The crimson imp completely misses you.
You hit the water moccasin zombie but do no damage.
The water moccasin zombie is moderately damaged.
The water moccasin zombie bites you.
You die...

##~.....###########
~~~...c.#.........#
........#.#######.#
#...5...#<......#.#
#.......#.#####.#.#
#.......#.......#.#
...(..>.#########.#
#....aZs5(.....#
#..#############
#... #.. #. #


You could see a worker ant, a crimson imp and a water moccasin zombie.

Vanquished Creatures
  A centaur (D:5)
  2 hounds (D:4)
  An orc wizard (D:3)
  A centaur skeleton (D:4)
  Natasha (thrice) (D:3)
  An iguana (D:4)
  2 worker ants (D:4)
  An adder (D:4)
  A howler monkey skeleton (D:4)
  A dart slug (D:3)
  2 leopard geckos
  5 orcs (D:3)
  4 goblins
  2 hobgoblins
  4 jackals
  A quokka (D:2)
  A ball python (D:1)
  3 bats
  A kobold (D:1)
  A rat (D:3)
38 creatures vanquished.

Notes
Turn   | Place    | Note
-------+----------+-------------------------------------------
     0 | D:1      | Duffy the Draconian Transmuter began the quest for the Orb.
     0 | D:1      | Reached XP level 1. HP: 16/16 MP: 3/3
   720 | D:3      | Noticed Natasha
   728 | D:2      | Reached XP level 2. HP: 8/23 MP: 5/5
   732 | D:2      | Learned a level 2 spell: Sticks to Snakes
   941 | D:3      | Killed Natasha
   941 | D:3      | Reached XP level 3. HP: 21/28 MP: 1/6
   949 | D:3      | Learned a level 3 spell: Spider Form
  1071 | D:3      | Reached XP level 4. HP: 20/35 MP: 1/7
  1072 | D:3      | Reached skill level 1 in Poison Magic
  1229 | D:3      | Reached skill level 4 in Unarmed Combat
  1232 | D:3      | Noticed Natasha
  1241 | D:3      | Killed Natasha
  1338 | D:3      | Noticed Natasha
  1340 | D:3      | Found a faded altar of an unknown god.
  1345 | D:3      | Killed Natasha
  1556 | D:4      | Reached XP level 5. HP: 40/40 MP: 4/8
  1864 | D:5      | Entered Level 5 of the Dungeon
  1871 | D:5      | Noticed Prince Ribbit
  1871 | D:5      | Noticed an ice beast
  1964 | D:4      | Reached XP level 6. HP: 32/47 MP: 5/9
  2217 | D:5      | Reached skill level 5 in Unarmed Combat
  2223 | D:5      | Slain by a water moccasin zombie

Levels and vault maps discovered:
D:1:      minmay_arrival_arboretum_small, layout_basic, serial_forest,
          infiniplex_forest_3_way, infiniplex_forest_lined_1,
          infiniplex_forest_clump_double, infiniplex_forest_straight_4,
          infiniplex_forest_clump_curved, infiniplex_forest_straight_5
D:2:      layout_rooms
D:3:      layout_basic, chequers_ecumenical_altar_simple_redux, uniq_natasha,
          uniq_robin
D:4:      layout_basic, first_ration, st_stairs_8
D:5:      layout_basic, dk_vineyard_3, lightli_minifort, uniq_prince_ribbit1

Skill      XL: |  1  2  3  4  5  6 |
---------------+-------------------+-----
Transmutations | 3 4 |  4.5
Poison Magic   | 1 2 3 |  3.1
Unarmed Combat | 4 5 |  5.0
Fighting       | |  1.1
Dodging        | |  1.7
Spellcasting   | |  2.0

Action                   |  1- 3 |  4- 6 || total
-------------------------+-------+-------++-------
Melee: Unarmed           |    75 |    78 ||   153
       Tailslap          |     6 |     1 ||     7
 Cast: Sticks to Snakes  |     2 |       ||     2
       Spider Form       |     2 |    10 ||    12
 Stab: Sleeping          |       |     1 ||     1
  Eat: Chunk             |     1 |     4 ||     5
Armor: Skin              |    25 |     9 ||    34
Dodge: Dodged            |    44 |    64 ||   108

Table legend:
 A = Non-vault XP
 B = Vault XP
 C = Vault XP percentage of total XP
 D = Non-vault monster count
 E = Vault monster count
 F = Vault count percentage of total count
                 A         B        C        D         E       F
            +---------+---------+-------+---------+---------+-------
      Total |     526 |      32 |   5.7 |      37 |       1 |   2.6
            +---------+---------+-------+---------+---------+-------
        D:1 |       7 |       0 |   0.0 |       5 |       0 |   0.0
        D:2 |       8 |       0 |   0.0 |       4 |       0 |   0.0
        D:3 |     140 |      32 |  18.6 |      15 |       1 |   6.2
        D:4 |     261 |       0 |   0.0 |      12 |       0 |   0.0
        D:5 |     110 |       0 |   0.0 |       1 |       0 |   0.0
            +---------+---------+-------+---------+---------+-------
